AoeStats
← matthew970127

Black Forest

507277863Analyzed
4v4 RM · 14d ago on Sep 17, 2026· 68m 34s· 8 players
Game mode
Random Map
Map size
Large (8 player)
Population
200
Speed
Normal
Resources
Standard
Victory
Conquest
Starting age
Dark Age
Ending age
Imperial Age
RankedLock teamsTeams togetherTeam positionsShared explorationLock speedFull tech treeHidden civsTurbo modeCheats
Victory
Defeat
🇹🇼 Bohemians · Taiwan
860
+18
🇦🇷 Burgundians · Argentina
766
+22
🇮🇳 Magyars · India
763
+22
🇨🇳 Khmer · China
692
+24
🇦🇷 Britons · Argentina
963
-24
🇹🇼 Persians · Taiwan
941
-23
🇹🇼 Britons · Taiwan
930
-23
🇹🇼 Mongols · Taiwan
752
-16
s520s
0:35 Loom
12:15 Feudal Age
17:41 Castle Age
16:36 Horse Collar
16:46 Double-Bit Axe
21:17 Chemistry
20:51 Padded Archer Armor
33:56 Fortified Wall
33:27 Treadmill Crane
37:05 Imperial Age
34:48 Heavy Plow
35:00 Bow Saw
36:36 Wheelbarrow
37:51 Leather Archer Armor
37:59 Siege Engineers
38:27 Fletching
39:59 Ring Archer Armor
40:41 Hand Cart
44:00 Conscription
45:18 Town Watch
49:43 Caravan
52:22 Houfnice
55:15 Coinage
54:55 Guilds
58:35 Banking
59:34 Wagenburg Tactics
60:47 Elite Skirmisher
62:16 Pikeman
62:57 Squires
62:42 Arson
64:21 Halberdier
65:01 Bodkin Arrow
65:16 Forging
65:08 Scale Mail Armor
Nahue
0:57 Loom
12:45 Feudal Age
13:15 Double-Bit Axe
14:59 Horse Collar
21:56 Castle Age
22:58 Heavy Plow
23:11 Bow Saw
23:55 Gold Mining
23:59 Stone Mining
27:41 Gold Shaft Mining
28:53 Stone Shaft Mining
28:47 Forging
32:00 Two-Man Saw
35:44 Imperial Age
33:21 Scale Mail Armor
34:26 Wheelbarrow
34:09 Husbandry
33:33 Cavalier
35:06 Caravan
34:48 Pikeman
35:31 Squires
36:43 Hand Cart
37:40 Chemistry
39:01 Scale Barding Armor
39:32 Iron Casting
38:28 Elite Skirmisher
40:37 Halberdier
41:37 Padded Archer Armor
41:28 Fletching
42:38 Blast Furnace
42:20 Crop Rotation
42:37 Paladin
43:51 Chain Barding Armor
47:50 Burgundian Vineyards
48:19 Ballistics
47:56 Murder Holes
48:24 Ballistics
50:23 Leather Archer Armor
53:40 Chain Mail Armor
54:13 Bodkin Arrow
54:54 Plate Barding Armor
63:19 Conscription
62:50 Arson
63:48 Plate Mail Armor
63:19 Bracer
63:22 Elite Coustillier
冷冷的风
12:07 Feudal Age
13:22 Wheelbarrow
12:31 Horse Collar
12:40 Double-Bit Axe
19:57 Castle Age
21:37 Hand Cart
22:16 Bow Saw
23:32 Heavy Plow
23:45 Stone Mining
23:48 Gold Mining
25:30 Stone Shaft Mining
26:20 Gold Shaft Mining
27:09 Caravan
31:31 Scale Barding Armor
34:14 Imperial Age
32:55 Chain Barding Armor
34:30 Ballistics
34:29 Masonry
34:47 Loom
34:51 Town Watch
36:12 Chemistry
36:03 Conscription
35:44 Double Crossbow
35:06 Elite Ballista Elephant
36:46 Town Patrol
37:56 Crop Rotation
39:27 Tusk Swords
40:03 Hoardings
38:58 Sappers
44:32 Plate Barding Armor
46:51 Husbandry
47:01 Bloodlines
67:44 Coinage
67:17 Padded Archer Armor
67:08 Fletching
67:18 Scale Mail Armor
67:29 Forging
66:46 Elite Battle Elephant
69:00 Banking
saikrishan399
0:35 Loom
18:29 Feudal Age
19:53 Double-Bit Axe
23:51 Castle Age
22:15 Horse Collar
22:29 Stone Mining
32:38 Wheelbarrow
34:55 Gold Mining
36:10 Bow Saw
39:15 Imperial Age
37:23 Hand Cart
38:01 Gold Shaft Mining
37:37 Corvinian Army
38:20 Scale Barding Armor
39:26 Husbandry
39:37 Bloodlines
38:48 Light Cavalry
40:52 Elite Magyar Huszar
43:25 Two-Man Saw
43:03 Chain Barding Armor
42:29 Heavy Scorpion
45:30 Plate Barding Armor
44:52 Town Watch
47:03 Chemistry
46:23 Ballistics
62:43 Onager
matthew970127
2:39 Loom
12:38 Feudal Age
13:09 Horse Collar
13:17 Double-Bit Axe
19:20 Castle Age
18:36 Gold Mining
20:48 Heavy Plow
23:50 Bow Saw
27:39 Wheelbarrow
28:08 Stone Mining
29:30 Hand Cart
29:00 Town Watch
29:32 Crossbowman
30:08 Fletching
30:18 Padded Archer Armor
30:35 Forging
30:33 Scale Barding Armor
31:23 Stone Shaft Mining
32:03 Town Patrol
33:35 Fishing Lines
34:52 Husbandry
35:03 Bloodlines
36:03 Gold Shaft Mining
38:05 Imperial Age
36:03 Caravan
37:18 Chain Barding Armor
37:33 Iron Casting
38:28 Elite War Elephant
38:59 Cavalier
40:48 Conscription
42:53 Two-Man Saw
42:27 Savar
46:28 Crop Rotation
47:19 Plate Barding Armor
47:45 Blast Furnace
48:39 Kamandaran
62:01 Thumb Ring
61:59 Padded Archer Armor
61:50 Fletching
65:58 Bodkin Arrow
zzy320286
11:12 Feudal Age
15:31 Castle Age
13:58 Horse Collar
14:05 Double-Bit Axe
16:31 Heavy Plow
16:46 Bow Saw
21:49 Loom
23:19 Gold Mining
23:20 Stone Mining
23:27 Stone Mining
24:38 Wheelbarrow
24:48 Gold Shaft Mining
26:22 Ballistics
26:46 Hand Cart
27:16 Town Watch
30:08 Imperial Age
27:25 Pikeman
27:51 Gambesons
28:06 Squires
27:52 Arson
28:09 Padded Archer Armor
28:00 Fletching
28:35 Fletching
28:57 Forging
28:47 Scale Mail Armor
30:01 Yeomen
29:58 Town Patrol
31:08 Leather Archer Armor
30:49 Bodkin Arrow
32:29 Ring Archer Armor
31:23 Elite Longbowman
32:24 Conscription
33:30 Bracer
35:00 Chemistry
34:27 Guilds
34:48 Coinage
34:18 Caravan
35:35 Warwolf
36:05 Chain Mail Armor
36:26 Iron Casting
35:57 Halberdier
38:25 Banking
41:13 Onager
45:45 Plate Mail Armor
46:16 Blast Furnace
micky970815
1:22 Loom
13:59 Feudal Age
18:26 Horse Collar
18:36 Double-Bit Axe
23:56 Castle Age
25:22 Bow Saw
26:15 Heavy Plow
29:42 Stone Mining
29:43 Gold Mining
31:30 Gold Shaft Mining
32:03 Wheelbarrow
36:32 Imperial Age
35:23 Hand Cart
36:20 Scale Barding Armor
36:10 Fletching
36:21 Padded Archer Armor
36:47 Masonry
36:58 Fortified Wall
36:38 Treadmill Crane
37:23 Ballistics
37:58 Yeomen
37:59 Conscription
37:00 Elite Longbowman
38:57 Warwolf
40:04 Pikeman
40:45 Squires
40:31 Arson
40:49 Bodkin Arrow
41:10 Leather Archer Armor
41:36 Bracer
42:48 Architecture
44:33 Halberdier
47:02 Ring Archer Armor
46:43 Forging
46:34 Scale Mail Armor
yainyuyu
14:13 Feudal Age
18:05 Castle Age
16:23 Double-Bit Axe
16:57 Horse Collar
20:29 Fletching
22:17 Bow Saw
23:25 Gold Mining
25:24 Padded Archer Armor
29:34 Wheelbarrow
29:41 Ballistics
31:23 Bloodlines
34:31 Heavy Plow
36:18 Light Cavalry
36:59 Husbandry
38:38 Forging
38:34 Scale Barding Armor
38:39 Bodkin Arrow
39:00 Leather Archer Armor
42:59 Iron Casting
42:45 Chain Barding Armor
49:06 Imperial Age
52:19 Hussar
53:33 Capped Ram
53:36 Onager
56:23 Chemistry
55:31 Siege Engineers
55:26 Siege Onager
57:11 Hand Cart
58:55 Drill
Connection lost

Rejoining the realm…

Still unreachable

The connection could not be restored.

Session expired

The server has moved on; the page needs a fresh start.